 Dungeon Crawl Stone Soup version 0.31-a0-1589-g8f5e8aebd6 (webtiles) character file.

Game seed: 13024158592498833555

387 Flugslaktarn the Apothecary (level 6, -2/36 HPs)
             Began as an Octopode Alchemist on Jan 6, 2024.
             Slain by a gnoll
             ... wielding a +0 halberd
             ... led by a gnoll sergeant
              (6 damage)
             ... on level 5 of the Dungeon.
             The game lasted 00:02:39 (1031 turns).

Flugslaktarn the Apothecary (Octopode Alchemist)    Turns: 1031, Time: 00:02:39

Health: -2/36      AC:  1    Str:  7    XL:     6   Next: 78%
Magic:  10/12      EV: 13    Int: 19    God:
Gold:   203        SH:  5    Dex: 13    Spells: 4/13 levels left

rFire   . . .        c - +0 short sword (venom)
rCold   . . .        (no shield)
rNeg    . . .        (helmet restricted)
rPois   .            b - amulet of reflection
rElec   .            (no ring)
rCorr   .            (no ring)
SInv    .            (no ring)
Will    .....        (no ring)
Stlth   +++          (no ring)
HPRegen 0.26/turn    (no ring)
MPRegen 0.13/turn    (no ring)
                     (no ring)

%: reflection
@: very slightly contaminated
A: almost no armour, amphibious, 8 rings, camouflage 1, gelatinous body 1,
(nimble swimmer 1), tentacles
a: no special abilities


You were on level 5 of the Dungeon.
You visited 1 branch of the dungeon, and saw 5 of its levels.

You collected 203 gold pieces.

Inventory:

Hand Weapons
 c - a +0 short sword of venom (weapon)
   (You took it off an orc on level 5 of the Dungeon)
 d - a +0 dagger
   (You took it off a kobold on level 2 of the Dungeon)
Missiles
 e - a throwing net
Jewellery
 b - an amulet of reflection (around mantle)
   (You found it on level 1 of the Dungeon)
Scrolls
 g - a scroll of fog
 t - a scroll of teleportation
Potions
 a - a potion of enlightenment {unknown}


   Skills:
 - Level 2.0 Dodging
 - Level 2.6 Stealth
 + Level 4.0 Spellcasting
 - Level 1.0 Conjurations
 * Level 6.8 Alchemy


You had 4 spell levels left.
You knew the following spells:

 Your Spells              Type           Power      Damage    Failure   Level
a - Sting                 Conj/Alch      72%        1d7       2%          1
b - Olgreb's Toxic Radia  Alch           30%        N/A       9%          4
c - Sticky Flame          Fire/Alch      16%        2d5       32%         4

Your spell library contained the following spells:

 Spells                   Type           Power      Damage    Failure   Level
 Mercury Vapours          Alch/Air       32%        N/A       4%          2
 Mephitic Cloud           Conj/Alch/Air  13%        N/A       14%         3
 Tukima's Dance           Hex            3%         N/A       38%         3
 Iskenderun's Mystic Bla  Conj/Tloc      5%         2d3       73%         4
 Dimensional Bullseye     Hex/Tloc       1%         N/A       80%         4


Dungeon Overview and Level Annotations

Branches:
Dungeon (5/15)
 Temple: D:4-7

Altars:
Ashenzari
Kikubaaqudgha
Okawaru

Annotations:
D:5 2 transporters, Goblin1989's ghost, novice OnGl


Innate Abilities, Weirdness & Mutations

You cannot wear most types of armour.
You are amphibious.
You can wear up to eight rings at the same time.
Your skin changes colour to match your surroundings (Stealth+).
Your rubbery body absorbs attacks. (AC +1, EV +1)
((You are camouflaged when in or above water. (Stealth+)))
You have tentacles for arms and can constrict up to eight enemies at once.


Message History

You hit the ogre.
You kill the ogre!
Your Spellcasting skill increases to level 4!
A gnoll comes into view. It is wielding a +0 halberd.
The gnoll moves out of view.
Things that are here:
a +0 giant spiked club; an ogre corpse A gnoll comes into view.
It is wielding a +0 halberd.
There is an open door here.
Casting: Sting (safe; 2% risk of failure)
Confirm with . or Enter, or press ? or * to list all spells.
Aiming: Sting (safe; 2% risk of failure)
Press: ? - help, Shift-Dir - straight line, f - gnoll
Aim: a gnoll, wielding a +0 halberd (77% to hit)
You miscast Sting.
You are very lightly contaminated with residual magic.
Nothing appears to happen.
The gnoll shouts!
A gnoll sergeant comes into view. It is wielding a +2 spear of venom.
The gnoll attacks as it pursues you! The gnoll closely misses you.
The gnoll attacks as it pursues you! The gnoll closely misses you.
Casting: Sting (safe; 2% risk of failure)
Confirm with . or Enter, or press ? or * to list all spells.
Aiming: Sting (safe; 2% risk of failure)
Press: ? - help, Shift-Dir - straight line, f/p - gnoll
Aim: a gnoll, wielding a +0 halberd (77% to hit)
The sting hits the gnoll.
The gnoll is poisoned.
The gnoll is moderately wounded.
The gnoll hits you from afar with a +0 halberd!
The gnoll attacks as it pursues you! The gnoll barely misses you.
Your magical contamination has completely faded away.
The gnoll attacks as it pursues you!
The gnoll hits you from afar with a +0 halberd!
The gnoll attacks as it pursues you! The gnoll barely misses you.
You aren't carrying any items that you can evoke.
Unknown command.
You are confused.
You feel invigorated. The gnoll misses you.
Unknown command.
You bump into the rock wall.
The gnoll looks more healthy.
The gnoll hits you from afar with a +0 halberd!
The gnoll closely misses you. The gnoll hits you with a +0 halberd!
* * * LOW HITPOINT WARNING * * *
The gnoll barely misses you.
You're too confused to move!
The gnoll hits you but does no damage. The gnoll barely misses you.
You bump into the rock wall.
The gnoll barely misses you. The gnoll completely misses you.
You're too confused to move!
You feel less invigorated.
You feel less confused. The gnoll completely misses you.
The gnoll closely misses you.
You barely miss the gnoll. You grab the gnoll.
The gnoll is moderately wounded.
You constrict the gnoll. The gnoll closely misses you.
The gnoll barely misses you.
You completely miss the gnoll. You squeeze the gnoll.
The gnoll is heavily wounded.
You constrict the gnoll, but do no damage.
You block the gnoll's attack. The gnoll barely misses you.
Casting: Sting (safe; 2% risk of failure)
Confirm with . or Enter, or press ? or * to list all spells.
Aiming: Sting (safe; 2% risk of failure)
Press: ? - help, Shift-Dir - straight line, f/p - gnoll
Aim: a gnoll, wielding a +0 halberd (heavily wounded, constricted by you, 100% to hit)
You miscast Sting.
You are very lightly contaminated with residual magic.
Nothing appears to happen.
You constrict the gnoll.
The gnoll hits you from afar with a +0 halberd!
The gnoll barely misses you.
You hit the gnoll.
The gnoll is severely wounded.
You constrict the gnoll.
The gnoll hits you from afar with a +0 halberd!
* * * LOW HITPOINT WARNING * * *
You block the gnoll's attack.
You hit the gnoll but do no damage.
The gnoll is poisoned.
You squeeze the gnoll, but do no damage.
The gnoll is almost dead.
You constrict the gnoll.
You kill the gnoll!
The gnoll closely misses you.
A gnoll comes into view. It is wielding a +0 flail.
Casting: Sting (safe; 2% risk of failure)
Confirm with . or Enter, or press ? or * to list all spells.
Aiming: Sting (safe; 2% risk of failure)
Press: ? - help, Shift-Dir - straight line, f - gnoll
Aim: a gnoll, wielding a +0 halberd (77% to hit)
The sting hits the gnoll.
The gnoll is poisoned.
The gnoll is lightly wounded.
The gnoll shouts!
You hear a shout!
The gnoll misses you.
Casting: Sting (safe; 2% risk of failure)
Confirm with . or Enter, or press ? or * to list all spells.
Aiming: Sting (safe; 2% risk of failure)
Press: ? - help, Shift-Dir - straight line, f/p - gnoll
Aim: a gnoll, wielding a +0 halberd (lightly wounded, poisoned, 77% to hit)
The sting hits the gnoll.
The gnoll looks even sicker.
The gnoll is severely wounded.
The gnoll hits you from afar with a +0 halberd.
You die...

..##..........#..........
<.##..........#..........
...+.....÷....#..........
........#.....#..........
........#.....#..........
####....#.....#..........
...#..#+#.....##..#
...#..>...######).####+#
#..#......# +.@.g....#
#..#).....# #........#
...#......+ #........#
...#©.....# #........#
!..#).....# #........#
#..#......# #....)...#
#..#.[....### ##...##g##
...#..#####.####...#.........
...#...............#.........


You could see 2 gnolls.

Vanquished Creatures
  An ogre (D:5)
  A howler monkey (D:5)
  A bombardier beetle (D:2)
  2 orc priests (D:3)
  2 iguanas (D:5)
  5 gnolls (D:5)
  4 adders
  7 orcs
  2 bats (D:3)
  6 endoplasms
  A giant cockroach (D:3)
  6 hobgoblins
  A quokka (D:2)
  2 frilled lizards (D:3)
  2 goblins (D:3)
  A kobold (D:2)
44 creatures vanquished.

Notes
Turn   | Place    | Note
-------+----------+-------------------------------------------
     0 | D:1      | Flugslaktarn the Octopode Alchemist began the quest for the
                  | Orb.
     0 | D:1      | Reached XP level 1. HP: 11/11 MP: 3/3
   123 | D:1      | Reached XP level 2. HP: 17/17 MP: 0/5
   142 | D:2      | Found a broken altar of Ashenzari.
   217 | D:2      | Noticed a bombardier beetle
   239 | D:2      | Killed a bombardier beetle
   240 | D:2      | Reached skill level 4 in Alchemy
   240 | D:2      | Reached XP level 3. HP: 9/21 MP: 3/6
   373 | D:3      | Reached XP level 4. HP: 20/27 MP: 3/8
   408 | D:3      | Reached skill level 5 in Alchemy
   415 | D:3      | Reached XP level 5. HP: 16/31 MP: 6/9
   428 | D:3      | Learned a level 4 spell: Olgreb's Toxic Radiance
   433 | D:3      | Learned a level 4 spell: Sticky Flame
   439 | D:3      | Found an ancient bone altar of Kikubaaqudgha.
   515 | D:3      | Identified the +4 chain mail of Valiance {+Blink Will-
                  | Str+3}
   669 | D:4      | Noticed a water moccasin
   678 | D:5      | Entered Level 5 of the Dungeon
   690 | D:5      | Found an iron altar of Okawaru.
   725 | D:5      | Found a transporter.
   727 | D:5      | Noticed Goblin1989's ghost (novice OnGl)
   838 | D:5      | Found a transporter.
   874 | D:5      | Reached skill level 6 in Alchemy
   874 | D:5      | Reached XP level 6. HP: 30/36 MP: 8/11
  1031 | D:5      | Slain by a gnoll

Illustrated notes

Levels and vault maps discovered:
D:1:      shiori_arrival_oz, layout_basic
D:2:      layout_loops_ring, basic_altar
D:3:      layout_basic, kiku_gazebo_garden_becter, serial_shops, shop,
          corexii_shack
D:4:      layout_basic, nicolae_shop_gadgets, uniq_edmund, uniq_natasha,
          uniq_sigmund
D:5:      layout_gridville, okawaru_gym_becter, gammafunk_ghost_mausoleum

Skill      XL: |  1  2  3  4  5  6 |
---------------+-------------------+-----
Alchemy        | 4 5 6 |  6.8
Spellcasting   | 3 4 |  4.0
Dodging        | |  2.0
Stealth        | |  2.6
Conjurations   | |  1.0

Action                     |  1- 3 |  4- 6 || total
---------------------------+-------+-------++-------
  Melee: Unarmed           |    19 |       ||    19
         Punch             |     4 |     1 ||     5
         Constrict         |     4 |     8 ||    12
         Tentacles         |     6 |     7 ||    13
         Dagger            |     6 |    32 ||    38
         Short sword       |       |     8 ||     8
   Cast: Sting             |    21 |    45 ||    66
         Olgreb's Toxic Ra |       |     2 ||     2
    Use: Potion            |       |     2 ||     2
         Scroll            |       |     3 ||     3
 Armour: Skin              |     9 |    25 ||    34
  Dodge: Dodged            |    17 |    41 ||    58
  Block: Other             |     3 |    11 ||    14

Table legend: (Time is in decaauts)
 A = Elapsed time spent in this place.
 B = Non-inter-level travel time spent in this place.
 C = Inter-level travel time spent in this place.
 D = Time resting spent in this place.
 E = Time spent auto-exploring this place.
 F = Levels seen in this place.
 G = Mean time per level.
                   A        B        C        D        E       F      G
               +--------+--------+--------+--------+--------+-----+--------+
         Total |   1029 |    993 |     36 |      0 |    506 |   5 |  205.8 |
       Dungeon |   1029 |    993 |     36 |      0 |    506 |   5 |  205.8 |
               +--------+--------+--------+--------+--------+-----+--------+

Top non-repeatable levels by time:
     D:5: 352 daAuts
     D:3: 260 daAuts
     D:2: 144 daAuts
     D:1: 141 daAuts
     D:4: 130 daAuts
